 Dungeon Crawl Stone Soup version 0.30-a0-137-gd8773701ce (webtiles) character file.

Game seed: 229933393233564791

504 blackman the Chopper (level 6, -4/52 HPs)
             Began as a Minotaur Fighter on Sept 22, 2022.
             Was a Believer of Elyvilon.
             Slain by a mummy (14 damage)
             ... in an ossuary.
             The game lasted 00:05:40 (3448 turns).

blackman the Chopper (Minotaur Fighter)             Turns: 3448, Time: 00:05:40

Health: -4/52      AC: 16    Str: 22    XL:     6   Next: 96%
Magic:  5/5        EV:  9    Int:  5    God:    Elyvilon [**....]
Gold:   182        SH:  4    Dex: 10    Spells: 5/5 levels left

rFire   . . .      SeeInvis .    s - +1 morningstar (protect)
rCold   . . .      Faith    .    c - +0 buckler
rNeg    . . .      Spirit   .    b - +0 scale mail
rPois   .          Reflect  .    (helmet restricted)
rElec   .          Harm     .    (no cloak)
rCorr   .          Rampage  .    o - +1 pair of gloves
Will    .....                    (no boots)
Stlth   ..........               (no amulet)
HPRegen 0.17/turn                (no ring)
MPRegen 0.09/turn                (no ring)

@: mighty, marked, under a protective aura
A: horns 2, retaliatory headbutt
a: Renounce Religion, Purification, Heal Other


You were in an ossuary.
You worshipped Elyvilon.
Elyvilon was pleased with you.
You visited 1 branch of the dungeon, and saw 4 of its levels.
You also visited: Ossuary.

You collected 182 gold pieces.

Inventory:

Hand Weapons
 a - a +0 war axe
 s - a +1 morningstar of protection (weapon)
   (You found it on level 3 of the Dungeon)
Armour
 b - a +0 scale mail (worn)
 c - a +0 buckler (worn)
 o - a +1 pair of gloves (worn)
   (You found it on level 3 of the Dungeon)
 u - a +0 tower shield
   (You found it on level 3 of the Dungeon)
Jewellery
 g - an amulet of magic regeneration
   (You found it on level 1 of the Dungeon)
Scrolls
 f - a scroll of noise
 h - a scroll of amnesia {unknown}
 k - 4 scrolls of enchant weapon
 n - a scroll of butterflies
 p - a scroll of immolation
 r - 2 scrolls of identify
 z - a scroll of blinking
Potions
 d - a potion of might
 e - a potion of mutation {unknown}
 j - a potion of berserk rage {unknown}
 q - a potion of curing


   Skills:
 - Level 3.6 Fighting
 - Level 6.8(7.8) Axes
 + Level 5.7(7.2) Maces & Flails
 - Level 3.6 Armour
 - Level 3.6 Shields


You had 5 spell levels left.
You didn't know any spells.
Your spell library contained the following spells:

 Spells                   Type           Power      Damage    Failure   Level
 Beastly Appendage        Tmut           0%         N/A       88%         1
 Foxfire                  Conj/Fire      0%         2x1d4     88%         1
 Wereblood                Tmut           0%         N/A       95%         2
 Inner Flame              Hex/Fire       0%         N/A       99%         3
 Kindle Blastsparks       Fire/Tloc/Air  0%         2d10      99%         3
 Ozocubu's Armour         Ice            0%         N/A       99%         3
 Spider Form              Tmut/Pois      0%         N/A       99%         3
 Flame Wave               Conj/Fire      0%         2d4       100%        4
 Metabolic Englaciation   Hex/Ice        0%         N/A       100%        5
 Simulacrum               Ice/Necr       0%         N/A       100%        6


Dungeon Overview and Level Annotations

Branches:
Dungeon (4/15)            Ossuary (1/1)
 Temple: D:4-7

Altars:
Elyvilon
Kikubaaqudgha
Nemelex Xobeh

Shops:
D:1 :

Annotations:
D:3 1 transporter


Innate Abilities, Weirdness & Mutations

You have a pair of horns on your head.
You reflexively headbutt those who attack you in melee.


Message History

The elf zombie is lightly damaged.
The elf zombie hits you but does no damage.
The kobold zombie barely misses you. You furiously retaliate!
You headbutt the kobold zombie!!
You destroy the kobold zombie!
The orc zombie hits you but does no damage.
You puncture the elf zombie! You headbutt the elf zombie.
The elf zombie is heavily damaged.
You block the mummy's attack. The elf zombie hits you.
* * * LOW HITPOINT WARNING * * *
The elf zombie hits you.
* * * LOW HITPOINT WARNING * * *
The orc zombie hits you but does no damage.
You bludgeon the elf zombie!!
The elf zombie is severely damaged.
The elf zombie hits you.
* * * LOW HITPOINT WARNING * * *
The mummy barely misses you. You furiously retaliate!
You headbutt the mummy. The elf zombie hits you.
Elyvilon protects you from harm!
You feel better. The orc zombie closely misses you. You furiously retaliate!
You headbutt the orc zombie!!
You destroy the orc zombie!
The elf zombie hits you but does no damage.
You thump the elf zombie!
The elf zombie is almost destroyed.
The elf zombie hits you but does no damage.
You block the mummy's attack.
The adder zombie bites you but does no damage.
The elf zombie hits you but does no damage.
You puncture the elf zombie!
You destroy the elf zombie!
The elf zombie barely misses you. The adder zombie barely misses you.
The mummy hits you but does no damage.
You bludgeon the kobold zombie!!
You destroy the kobold zombie!
The adder zombie bites you but does no damage.
The elf zombie closely misses you. You furiously retaliate!
You headbutt the elf zombie! The mummy hits you!
You die...

#....................#
#....................#
#........8..8........#
#....................#
#...######..######...#
#...# #.^# #...# #...#
#..# #...#
#...#.####Z.####.#...#
#...#....@ZZ.....#...#
#...#.####M......#...#
#...# #.......#...#
#...# #.......#...#
#...# #.∩.....#...#
#...# ....+####...#
#...# #...# #...#
#...# #...# #...#
#...##############...#


You could see a mummy, an adder zombie, a hobgoblin zombie and an elf zombie.

Vanquished Creatures
  An elf zombie (Ossuary)
  A scorpion (D:4)
  A centaur zombie (Ossuary)
  A human zombie (Ossuary)
  An orc priest (D:4)
  Jessica (D:2)
  Natasha (thrice) (D:2)
  An iguana (D:3)
  An orc wizard (D:4)
  2 mummies
  2 adders
  A worm (D:2)
  3 dart slugs
  4 orcs
  5 ball pythons
  4 endoplasms
  4 giant cockroaches
  2 goblins
  5 hobgoblins
  3 quokkas
  9 bats
  3 frilled lizards
  A goblin zombie (Ossuary)
  7 hobgoblin zombies
  7 kobolds
  10 kobold zombies
  9 orc zombies (Ossuary)
  5 rats
97 creatures vanquished.

Notes
Turn   | Place    | Note
-------+----------+-------------------------------------------
     0 | D:1      | blackman the Minotaur Fighter began the quest for the Orb.
     0 | D:1      | Reached XP level 1. HP: 19/19 MP: 0/0
    43 | D:1      | Found Xeaxam's Book Shoppe.
   144 | D:1      | Reached skill level 3 in Axes
   155 | D:1      | Reached XP level 2. HP: 27/27 MP: 1/1
   458 | D:1      | Reached skill level 4 in Axes
   738 | D:1      | Found a faded altar of an unknown god.
   886 | D:1      | Prayed at the altar of an unknown god.
   886 | D:1      | Became a worshipper of Elyvilon the Healer
   886 | D:1      | Reached * piety under Elyvilon
   920 | D:2      | Noticed Jessica
   922 | D:2      | Killed Jessica
   923 | D:2      | Reached XP level 3. HP: 33/33 MP: 2/2
  1021 | D:2      | Reached skill level 5 in Axes
  1185 | D:2      | Reached XP level 4. HP: 27/40 MP: 3/3
  1374 | D:2      | Found an ancient bone altar of Kikubaaqudgha.
  1501 | D:2      | Noticed Natasha
  1506 | D:2      | Killed Natasha
  1507 | D:2      | Reached skill level 6 in Axes
  1958 | D:2      | Noticed Natasha
  1969 | D:2      | Killed Natasha
  1970 | D:2      | Reached XP level 5. HP: 25/46 MP: 4/4
  2353 | D:2      | Noticed Natasha
  2368 | D:2      | Killed Natasha
  2523 | D:3      | Reached ** piety under Elyvilon
  2680 | D:3      | Found a sparkling altar of Nemelex Xobeh.
  2680 | D:3      | Found a transporter.
  2719 | D:3      | Reached skill level 1 in Maces & Flails
  3083 | D:4      | Reached XP level 6. HP: 44/52 MP: 5/5
  3191 | D:4      | Found a sand-covered staircase.
  3200 | Ossuary  | Entered an ossuary
  3441 | Ossuary  | Reached skill level 5 in Maces & Flails
  3444 | Ossuary  | Elyvilon protects you from harm!
  3448 | Ossuary  | Slain by a mummy

Illustrated notes

Levels and vault maps discovered:
D:1:      lemuel_arrival_tunnels, layout_basic,
          dilly_ecumenical_altar_fadedgnrine, serial_shops, shop
D:2:      layout_rooms, basic_altar, minmay_bisected, uniq_natasha, uniq_jessica
D:3:      layout_basic, grunt_nemelex_the_gamble
D:4:      layout_basic, mainiacjoe_overflow_alcove_2,
          grunt_temple_overflow_cloverleaf, nicolae_ossuary_entry_giza,
          uniq_pikel
Ossuary:  ossuary_tomb_1

Skill      XL: |  1  2  3  4  5  6 |
---------------+-------------------+-----
Axes           | 3 4 5 6 |  6.8
Maces & Flails | 3 5 |  5.7
Fighting       | |  3.6
Armour         | |  3.6
Shields        | |  3.6

Action                   |  1- 3 |  4- 6 || total
-------------------------+-------+-------++-------
Melee: War axe           |    79 |    56 ||   135
       Headbutt          |     8 |    16 ||    24
       Morningstar       |       |    89 ||    89
  Use: Scroll            |       |    10 ||    10
       Potion            |       |     3 ||     3
Armor: Scale mail        |    33 |    81 ||   114
Dodge: Dodged            |    42 |    59 ||   101
Block: Buckler           |    21 |    32 ||    53

Table legend: (Time is in decaauts)
 A = Elapsed time spent in this place.
 B = Non-inter-level travel time spent in this place.
 C = Inter-level travel time spent in this place.
 D = Time resting spent in this place.
 E = Time spent auto-exploring this place.
 F = Levels seen in this place.
 G = Mean time per level.
                   A        B        C        D        E       F      G
               +--------+--------+--------+--------+--------+-----+--------+
         Total |   3516 |   3205 |    311 |    696 |   1924 |   5 |  703.2 |
       Dungeon |   3257 |   2946 |    311 |    696 |   1755 |   4 |  814.2 |
       Ossuary |    259 |    259 |      0 |      0 |    169 |   1 |  259.0 |
               +--------+--------+--------+--------+--------+-----+--------+

Top non-repeatable levels by time:
     D:2: 1510 daAuts
     D:1: 934 daAuts
     D:3: 660 daAuts
 Ossuary: 259 daAuts
     D:4: 151 daAuts
